 Dungeon Sprint DCSS version 0.19.0-9-gfd783f2 (webtiles) character file.

5243 LORDOFBUTT the Imperceptible (level 10, -6/48 HPs)
             Began as a Spriggan Assassin on Nov 7, 2016.
             Was an Elder of Dithmenos.
             Mangled by a deep troll (26 damage)
             ... in the Dungeon (Sprint I: "Red Sonja").
             The game lasted 00:03:38 (888 turns).

LORDOFBUTT the Imperceptible (Spriggan Assassin)     Turns: 888, Time: 00:03:38

Health: -6/48      AC:  4    Str: 10      XL:     10   Next: 36%
Magic:  9/9        EV: 17    Int: 10 (11) God:    Dithmenos [****..]
Gold:   273        SH:  0    Dex: 17      Spells: 0 memorised, 9 levels left

rFire  . . .     SeeInvis +     a - +2 dagger
rCold  . . .     Gourm    .     c - +0 robe
rNeg   . . .     Faith    .     (shield restricted)
rPois  .         Spirit   .     (helmet restricted)
rElec  .         Reflect  .     d - +0 cloak
rCorr  .         Harm     .     (gloves unavailable)
MR     +....     Rnd*Rage +     (boots unavailable)
Stlth  .......... NoTele   +    (no amulet)
                                (no ring)
                                (no ring)

@: berserking, wreathed by umbra, very quick
A: unfitting armour, iridescent scales 1, see invisible, berserk 3, clumsy 2,
deformed body, deterioration 1, dopey 1, herbivore 3, speed 3, frail 3, low mp
2, screaming 3, slow metabolism 2, weak 1, no device heal 2, subdued magic 3
a: Shadow Step, Renounce Religion


You were in the Dungeon.
You worshipped Dithmenos.
Dithmenos was greatly pleased with you.
You were not hungry.

You visited 1 branch You collected 523 gold pieces.
You spent 250 gold pieces at shops.

Inventory:

Hand Weapons
 a - a +2 dagger (weapon)
 b - a +0 blowgun
Missiles
 e - 8 poisoned needles
 f - 9 curare-tipped needles
Armour
 c - a +0 robe (worn)
 d - a +0 cloak (worn)
Scrolls
 m - a scroll of blinking
 n - a scroll of enchant armour {unknown}
Potions
 h - a potion of curing
 i - a potion of heal wounds
 j - a potion of haste
 k - 2 potions of magic
Comestibles
 g - a bread ration


   Skills:
 - Level 1.5 Fighting
 + Level 17.9 Short Blades
 - Level 2.0 Throwing
 - Level 1.5 Dodging
 + Level 24.0 Stealth


You had 9 spell levels left.
You didn't know any spells.

Dungeon Overview and Level Annotations

Branches:
Dungeon (1/1)

Altars:
Cheibriados
Dithmenos
Elyvilon
Fedhas
Gozag
Hepliaklqana
Kikubaaqudgha
Makhleb
Nemelex Xobeh
Okawaru
Qazlal
Ru
Sif Muna
Trog
Uskayaw
Vehumet
Xom
Yredelemnul
Zin
The Shining One
Jiyva
Lugonu

Shops:
D !%(*(*


Innate Abilities, Weirdness & Mutations

You are very small and have problems with some larger weapons.
You are too small for most types of armour.
You have supernaturally acute eyesight. (SInv)
You are a herbivore.
You cover ground extremely quickly.
You need consume almost no food.
You are partially covered in iridescent scales. (AC +2)
You have an uncontrollable temper.
You are very clumsy. (Dex -4)
Armour fits poorly on your strangely shaped body.
Your body sometimes deteriorates upon taking damage.
You are dopey. (Int -2)
You are extremely frail. (-30% HP)
Your magical capacity is very low. (-20% MP)
You frequently scream uncontrollably at your foes.
You are weak. (Str -2)
Potions and wands are poor at restoring your health.
Your spells are much easier to cast, but much less powerful.


Message History

A red film seems to cover your vision as you go berserk!
You feel yourself moving faster!
You feel mighty!
You puncture the deep troll!
The deep troll is moderately wounded.
Your shadow hits the deep troll but does no damage.
You puncture the deep troll!
The deep troll is moderately wounded.
The deep troll bites you! The deep troll misses you. The deep troll claws you!
Your body deteriorates!
You feel dopey.
You puncture the deep troll!
The deep troll is heavily wounded.
You puncture the deep troll!
The deep troll is severely wounded.
Your shadow hits the deep troll but does no damage.
You puncture the deep troll!
The deep troll is almost dead.
You hit the deep troll.
The deep troll is almost dead.
The deep troll bites you!!
Ouch! That really hurt!
You die...

#..#####'#####'#__####...+
#..####..#...#(#### #####
#..#__####..##.#
#..#_____##'#..+
#⌠⌠#_.∩...'..._#
####_..__##_.#'#
#_____###'#.#
############.####+###
#∩^.......'...@T$.$$+
###''''####.).#######
#.......####.## #........#
#+# #..#.....# #........#
#.....#..# #........#
#..#.....#


You could see a deep troll.

Vanquished Creatures
  Sonja (D)
  8 shining eyes (D)
  2 kobold demonologists (D)
  A slime creature (D)
  Sigmund (D)
  A yak (D)
  5 floating eyes (D)
  An ogre (D)
  A jelly (D)
  Ijyb (D)
22 creatures vanquished.

Notes
Turn   | Place    | Note
-------+----------+-------------------------------------------
     0 | D        | LORDOFBUTT the Spriggan Assassin began the quest for the Orb.
     0 | D        | Reached XP level 1. HP: 10/10 MP: 2/2
     2 | D        | Noticed Ijyb
     5 | D        | Killed Ijyb
     5 | D        | Reached skill level 5 in Short Blades
     5 | D        | Reached skill level 8 in Stealth
     5 | D        | Reached XP level 2. HP: 14/14 MP: 3/3
     8 | D        | Noticed an ogre
    10 | D        | Killed an ogre
    10 | D        | Reached skill level 11 in Stealth
    10 | D        | Reached XP level 3. HP: 18/18 MP: 4/4
    10 | D        | Reached XP level 4. HP: 22/22 MP: 5/5
    19 | D        | Noticed Sigmund
    22 | D        | Killed Sigmund
    22 | D        | Reached skill level 14 in Stealth
    22 | D        | Reached XP level 5. HP: 25/25 MP: 6/6
    22 | D        | Reached XP level 6. HP: 30/30 MP: 7/7
    35 | D        | Found a deep blue altar of Sif Muna.
    37 | D        | Found a radiant altar of Vehumet.
    41 | D        | Reached skill level 10 in Short Blades
    43 | D        | Found Lathron's Assorted Antiques.
    43 | D        | Found an ancient bone altar of Kikubaaqudgha.
    43 | D        | Found a hazy altar of Hepliaklqana.
    43 | D        | Found a stormy altar of Qazlal.
    43 | D        | Found a hide-covered altar of Uskayaw.
    43 | D        | Found a blossoming altar of Fedhas.
    43 | D        | Found a bloodstained altar of Trog.
    43 | D        | Found an iron altar of Okawaru.
    43 | D        | Found a basalt altar of Yredelemnul.
    43 | D        | Found a glowing golden altar of the Shining One.
    43 | D        | Found a snail-covered altar of Cheibriados.
    43 | D        | Found a sacrificial altar of Ru.
    43 | D        | Found a glowing silver altar of Zin.
    43 | D        | Found a shadowy altar of Dithmenos.
    43 | D        | Found a white marble altar of Elyvilon.
    43 | D        | Noticed a yak
    44 | D        | Found an opulent altar of Gozag.
    45 | D        | Killed a yak
    45 | D        | Reached skill level 15 in Stealth
    46 | D        | Found a sparkling altar of Nemelex Xobeh.
    54 | D        | Became a worshipper of Dithmenos the Shadowed
    86 | D        | Found a burning altar of Makhleb.
    86 | D        | Found a viscous altar of Jiyva.
    86 | D        | Found a shimmering altar of Xom.
    86 | D        | Found a corrupted altar of Lugonu.
    86 | D        | Noticed a slime creature
    89 | D        | Killed a slime creature
    89 | D        | Reached skill level 16 in Stealth
    89 | D        | Reached XP level 7. HP: 33/33 MP: 8/8
   121 | D        | Noticed a kobold demonologist
   122 | D        | Noticed a kobold demonologist
   124 | D        | Reached skill level 17 in Stealth
   126 | D        | Killed a kobold demonologist
   126 | D        | Reached * piety under Dithmenos
   126 | D        | Reached skill level 18 in Stealth
   133 | D        | Noticed a soul eater
   141 | D        | Killed a kobold demonologist
   141 | D        | Reached XP level 8. HP: 5/37 MP: 9/9
   422 | D        | Noticed Sonja
   426 | D        | Killed Sonja
   426 | D        | Reached skill level 20 in Stealth
   442 | D        | Found Miepp's Distillery.
   576 | D        | Noticed a shining eye
   576 | D        | Noticed a shining eye
   576 | D        | Noticed a shining eye
   576 | D        | Noticed a shining eye
   576 | D        | Noticed a shining eye
   576 | D        | Noticed a shining eye
   579 | D        | Reached ** piety under Dithmenos
   581 | D        | Noticed a shining eye
   581 | D        | Noticed a shining eye
   582 | D        | Killed a shining eye
   582 | D        | Reached skill level 15 in Short Blades
   582 | D        | Reached skill level 21 in Stealth
   582 | D        | Reached XP level 9. HP: 41/41 MP: 10/10
   585 | D        | Killed a shining eye
   586 | D        | Gained mutation: You occasionally shout uncontrollably at your foes. [a shining eye]
   588 | D        | Paralysed by a floating eye for 4 turns
   604 | D        | Paralysed by a floating eye for 3 turns
   605 | D        | Gained mutation: You are dopey. (Int -2) [a shining eye]
   606 | D        | Gained mutation: Your spells are a little easier to cast, but a little less powerful. [a shining eye]
   606 | D        | Gained mutation: Your spells are easier to cast, but less powerful. [a shining eye]
   606 | D        | Gained mutation: You sometimes yell uncontrollably at your foes. [a shining eye]
   607 | D        | Lost mutation: You are dopey. (Int -2) [a shining eye]
   608 | D        | Reached *** piety under Dithmenos
   610 | D        | Gained mutation: You are dopey. (Int -2) [a shining eye]
   611 | D        | Gained mutation: You are partially covered in iridescent scales. (AC +2) [a shining eye]
   614 | D        | Gained mutation: Armour fits poorly on your strangely shaped body. [a shining eye]
   615 | D        | Gained mutation: Your magical capacity is low. (-10% MP) [a shining eye]
   617 | D        | Gained mutation: Your spells are much easier to cast, but much less powerful. [a shining eye]
   619 | D        | Reached skill level 22 in Stealth
   622 | D        | Lost mutation: Your spells are much easier to cast, but much less powerful. [a shining eye]
   627 | D        | Gained mutation: Your spells are much easier to cast, but much less powerful. [a shining eye]
   630 | D        | Gained mutation: You are very dopey. (Int -4) [a shining eye]
   631 | D        | Gained mutation: Your magical capacity is very low. (-20% MP) [a shining eye]
   636 | D        | Gained mutation: Potions and wands are less effective at restoring your health. [a shining eye]
   636 | D        | Gained mutation: You are clumsy. (Dex -2) [a shining eye]
   639 | D        | Gained mutation: You are frail. (-10% HP) [a shining eye]
   639 | D        | Lost mutation: Your magical capacity is very low. (-20% MP) [a shining eye]
   639 | D        | Gained mutation: You expend magic power (3 MP) to strengthen your wands. [a shining eye]
   641 | D        | Gained mutation: You tend to lose your temper in combat. [a shining eye]
   642 | D        | Gained mutation: Your magical capacity is very low. (-20% MP) [a shining eye]
   645 | D        | Gained mutation: You are very clumsy. (Dex -4) [a shining eye]
   646 | D        | Killed a shining eye
   649 | D        | Gained mutation: You are weak. (Str -2) [a shining eye]
   653 | D        | Gained mutation: You are very weak. (Str -4) [a shining eye]
   657 | D        | Killed a shining eye
   657 | D        | Reached **** piety under Dithmenos
   666 | D        | Killed a shining eye
   666 | D        | Reached skill level 23 in Stealth
   666 | D        | Reached XP level 10. HP: 41/41 MP: 9/9
   669 | D        | Gained mutation: You are very frail. (-20% HP) [a shining eye]
   674 | D        | Gained mutation: Your body sometimes deteriorates upon taking damage. [a shining eye]
   675 | D        | Lost mutation: Potions and wands are less effective at restoring your health. [a shining eye]
   679 | D        | Gained mutation: Your body often deteriorates upon taking damage. [a shining eye]
   690 | D        | Gained mutation: You often lose your temper in combat. [a shining eye]
   692 | D        | Gained mutation: Your magical capacity is extremely low. (-30% MP) [a shining eye]
   698 | D        | Lost mutation: Armour fits poorly on your strangely shaped body. [a shining eye]
   698 | D        | Gained mutation: You are extremely frail. (-30% HP) [a shining eye]
   699 | D        | Gained mutation: You have an uncontrollable temper. [a shining eye]
   703 | D        | Gained mutation: You regenerate slowly when monsters are visible. [a shining eye]
   704 | D        | Killed a shining eye
   705 | D        | Gained mutation: You frequently scream uncontrollably at your foes. [a shining eye]
   707 | D        | Gained mutation: You do not regenerate when monsters are visible. [a shining eye]
   712 | D        | Lost mutation: You do not regenerate when monsters are visible. [a shining eye]
   721 | D        | Gained mutation: Armour fits poorly on your strangely shaped body. [a shining eye]
   723 | D        | Lost mutation: You regenerate slowly when monsters are visible. [a shining eye]
   725 | D        | Gained mutation: Potions and wands are less effective at restoring your health. [a shining eye]
   747 | D        | Killed a shining eye
   757 | D        | Gained mutation: Potions and wands are poor at restoring your health. [a shining eye]
   764 | D        | Killed a shining eye
   764 | D        | Reached skill level 24 in Stealth
   821 | D        | Bought a potion of cure mutation for 250 gold pieces
   821 | D        | Lost mutation: You are very weak. (Str -4) [potion of cure mutation]
   821 | D        | Lost mutation: You expend magic power (3 MP) to strengthen your wands. [potion of cure mutation]
   821 | D        | Lost mutation: You are very dopey. (Int -4) [potion of cure mutation]
   821 | D        | Lost mutation: Your magical capacity is extremely low. (-30% MP) [potion of cure mutation]
   821 | D        | Lost mutation: Your body often deteriorates upon taking damage. [potion of cure mutation]
   843 | D        | Found Qekhlytto's Weapon Shop.
   843 | D        | Found Ynupas's Food Shoppe.
   843 | D        | Found Lostroapn's General Store.
   843 | D        | Found Fyturo's Antique Weapon Emporium.
   881 | D        | Noticed a deep troll
   888 | D        | Mangled by a deep troll

Skill      XL: |  1  2  3  4  5  6  7  8  9 10 |
---------------+-------------------------------+-----
Short Blades   | 5 7 9 12 13 15 17 | 17.9
Stealth        | 8 11 14 16 18 21 23 24 | 24.0
Fighting       | |  1.5
Throwing       | |  2.0
Dodging        | |  1.5

Action                   |  1- 3 |  4- 6 |  7- 9 | 10-12 || total
-------------------------+-------+-------+-------+-------++-------
Melee: Dagger            |     2 |     4 |    81 |   104 ||   191
 Fire: Blowgun           |       |       |     4 |       ||     4
  Use: Potion            |       |       |     1 |     1 ||     2
 Stab: Sleeping          |     2 |     4 |     6 |       ||    12
Dodge: Dodged            |       |       |     9 |     1 ||    10
